 Dungeon Crawl Stone Soup version 0.23-b1-67-g8bd44de (webtiles) character file.

Game seed: 17838250851898147547

9775 Yuikono the Thaumaturge (level 11, -24/86 HPs)
             Began as a Gnoll Skald on Feb 5, 2019.
             Was a Believer of Nemelex Xobeh.
             Annihilated by a minotaur
             ... wielding a +0 demon whip
              (27 damage)
             ... in a Gauntlet.
             The game lasted 00:49:22 (11904 turns).

Yuikono the Thaumaturge (Gnoll Skald)              Turns: 11904, Time: 00:49:22

Health: -24/86     AC: 11    Str: 14 (16) XL:     11   Next: 51%
Magic:  7/23       EV: 18    Int: 17 (18) God:    Nemelex Xobeh [**....]
Gold:   675        SH:  0    Dex: 20 (21) Spells: 6/26 levels left

rFire    + . .     SeeInvis +   D - +8 long sword of Equivalence {slice, Int+2 Dex+4}
rCold    . . .     Gourm    .   (no shield)
rNeg     . . .     Faith    +   Q - +2 leather armour {rF+}
rPois    .         Spirit   .   (no helmet)
rElec    .         Reflect  .   S - +2 cloak
rCorr    .         Harm     .   (no gloves)
MR       .....     NoTele   +   c - +1 pair of boots {Stlth+}
Stlth    ++++......             t - amulet of faith
HPRegen  0.24/turn              Y - +2 ring of dexterity
MPRegen  0.18/turn              V - ring of see invisible

@: shrouded, infused, singing, very slightly contaminated
A: distributed training, fangs 1, strong nose
a: Draw Escape, Draw Destruction, Draw Summoning, Renounce Religion


You were in a Gauntlet.
You worshipped Nemelex Xobeh.
Nemelex Xobeh was pleased with you.
You were not hungry.

You visited 3 branches of the dungeon, and saw 13 of its levels.
You also visited: Gauntlet.

You collected 675 gold pieces.

Inventory:

Hand Weapons
 a - a +1 hunting sling of velocity
 b - a +0 shortbow
 D - the +8 long sword of Equivalence (weapon) {slice, Int+2 Dex+4}
   (You found it on level 4 of the Dungeon)

   It inflicts extra damage upon your enemies.
   It affects your intelligence (+2).
   It affects your dexterity (+4).
 T - a +0 blowgun
 X - the +3 glaive of Ifahai Homn {freeze, Stlth+}
   (You found it on level 9 of the Dungeon)

   It has been specially enchanted to freeze those struck by it, causing extra
   injury to most foes and up to half again as much damage against particularly
   susceptible opponents.
   It can also slow down cold-blooded creatures.
   It makes you more stealthy.
Missiles
 h - 39 poisoned needles
 k - 235 arrows
 v - 4 throwing nets
 C - 66 sling bullets
 R - 3 tomahawks (quivered)
Armour
 c - a +1 pair of boots of stealth (worn)
 Q - a +2 leather armour of fire resistance (worn)
 S - a +2 cloak (worn)
Jewellery
 i - an uncursed ring of stealth
 r - an uncursed ring of protection from fire
 t - an amulet of faith (around neck)
 z - an uncursed amulet of regeneration
 A - an uncursed ring of wizardry
 V - a ring of see invisible (right hand)
 Y - a +2 ring of dexterity (left hand)
Wands
 x - a wand of paralysis (6)
 B - a wand of acid (5)
 E - a wand of polymorph (15)
 G - a wand of digging (7)
Scrolls
 e - a scroll of summoning {unknown}
 f - 7 scrolls of teleportation
 l - 3 scrolls of magic mapping
 n - 9 scrolls of identify
 q - a scroll of blinking {unknown}
 y - 2 scrolls of noise {unknown}
 F - 2 scrolls of random uselessness {unknown}
 H - a scroll of fog
 J - 2 scrolls of remove curse
 M - 2 scrolls of amnesia {unknown}
Potions
 g - a potion of cancellation {unknown}
 j - 4 potions of curing
 o - 2 potions of flight
 p - a potion of resistance {unknown}
 u - 3 potions of might
 w - a potion of heal wounds
 I - 2 potions of haste
 L - a potion of berserk rage {unknown}
 N - a potion of brilliance
 O - a potion of magic
 W - a potion of lignification {unknown}
 Z - 3 potions of agility
Comestibles
 d - 16 rations


   Skills:
 + Level 7.8 Fighting
 + Level 6.2 Short Blades
 + Level 6.2 Long Blades
 + Level 6.2 Axes
 + Level 6.2 Maces & Flails
 + Level 7.8 Polearms
 + Level 6.2 Staves
 + Level 6.2 Slings
 + Level 6.2 Bows
 + Level 6.2 Crossbows
 + Level 6.2 Throwing
 + Level 6.8 Armour
 + Level 7.8 Dodging
 + Level 6.2 Stealth
 + Level 6.2 Shields
 + Level 6.2 Unarmed Combat
 + Level 8.1 Spellcasting
 + Level 5.2 Conjurations
 + Level 5.2 Hexes
 + Level 7.6 Charms
 + Level 5.2 Summonings
 + Level 5.2 Necromancy
 + Level 5.2 Translocations
 + Level 5.2 Transmutations
 + Level 5.2 Fire Magic
 + Level 5.2 Ice Magic
 + Level 5.2 Air Magic
 + Level 5.2 Earth Magic
 + Level 5.2 Poison Magic
 + Level 6.9 Invocations
 + Level 6.2 Evocations


You had 6 spell levels left.
You knew the following spells:

 Your Spells              Type           Power        Failure   Level  Hunger
a - Infusion              Chrm           ####         1%          1    None
b - Song of Slaying       Chrm           ####....     1%          2    None
c - Shroud of Golubria    Chrm/Tloc      ####......   1%          2    None
d - Spectral Weapon       Hex/Chrm       ####....     2%          3    #......
e - Regeneration          Chrm/Necr      ####......   2%          3    #......
f - Summon Lightning Spi  Summ/Air       ###.....     14%         4    ###....
g - Summon Ice Beast      Ice/Summ       ###.....     14%         4    ###....
h - Apportation           Tloc           ###...       1%          1    None

Your spell library contained the following spells:

 Spells                   Type           Power        Failure   Level  Hunger
 Animate Skeleton         Necr           N/A          1%          1    None
 Confusing Touch          Hex            ###...       1%          1    None
 Summon Small Mammal      Summ           ###.         1%          1    None
 Call Imp                 Summ           ###.....     2%          2    None
 Call Canine Familiar     Summ           ###.....     4%          3    #......
 Summon Guardian Golem    Hex/Summ       ###.....     4%          3    #......


Dungeon Overview and Level Annotations

Branches:
Dungeon (11/15)            Temple (1/1) D:7            Lair (1/6) D:9
    Orc: D:9-12

Altars:
Ashenzari
Cheibriados
Dithmenos
Elyvilon
Fedhas
Gozag
Hepliaklqana
Kikubaaqudgha
Makhleb
Nemelex Xobeh
Okawaru
Qazlal
Ru
Sif Muna
Trog
Uskayaw
Vehumet
Wu Jian
Xom
Yredelemnul
Zin
The Shining One

Shops:
D:4 (   D:10 [

Annotations:
Gauntlet , 8 transporters


Innate Abilities, Weirdness & Mutations

Your experience applies equally to all skills.
You have very sharp teeth.
Your uncanny sense of smell can sniff out nearby items.


Message History

You hit the minotaur.
The minotaur is moderately wounded.
The minotaur completely misses you.
The minotaur gores you but does no damage.
You hit the minotaur but do no damage.
The minotaur is moderately wounded.
The minotaur barely misses you.
You riposte.
You hit the minotaur but do no damage.
The minotaur is lightly wounded.
The minotaur gores you.
* * * LOW HITPOINT WARNING * * *
You hit the minotaur.
The minotaur is moderately wounded.
The minotaur misses you. x2
Casting: Summon Ice Beast (safe; 14% risk of failure)
Confirm with . or Enter, or press ? or * to list all spells.
Space distorts slightly along a thin shroud covering your body.
The minotaur hits you with a +0 demon whip!!
You die...
Your body glows slightly and disappears.

#####≈≈...####
#...##≈...#...
########.♣.###.P.#[##
#..........##..♣.#?^.
##.##.###.♣.#..PP.#©..
#8..........#.♣P..#?^.
#.....#.#.©.#.P...#.##
#########.#(#...#.....#hh.
#8[8[8.8#@(.#.©.#.....####
#∩.....(H(###...#..∩......
#8|8}8.8#(..#.©.#.....####
#########.#(#...#.....#...
#.....#.#.©.#.P...#=##
#8..........#.♣...#?##
##.##.###.♣.#...P.#©##
#..........##..♣.#"..
########.♣.###...#...


You could see a minotaur.

Vanquished Creatures
  Harold (D:9)
  A death scarab (Gauntlet)
  A spectral death yak (Gauntlet)
  2 unseen horrors (D:10)
  A moth of wrath (Gauntlet)
  A gargoyle (D:10)
  4 hippogriffs
  A spriggan (D:7)
  4 shadows (Gauntlet)
  A vampire (D:9)
  A yak (D:9)
  A basilisk (D:9)
  Menkaure (D:5)
  3 ice beasts
  A sky beast (D:10)
  3 orc warriors
  2 black bears
  A necrophage (D:6)
  2 phantoms
  4 ogres
  3 centaurs (D:7)
  3 wolves (Gauntlet)
  A crocodile (D:9)
  A bullfrog (D:7)
  A wyvern zombie (D:7)
  A wyvern skeleton (D:8)
  2 scorpions
  3 wights (D:10)
  5 howler monkeys
  2 vampire bats (D:8)
  A centaur zombie (D:10)
  3 crimson imps
  3 hounds
  A jelly (D:7)
  A bullfrog zombie (D:8)
  10 orc priests
  A bullfrog skeleton (D:5)
  5 iguanas
  9 orc wizards
  3 worker ants
  A killer bee zombie (D:6)
  A worker ant zombie (D:5)
  10 adders
  7 river rats (D:6)
  2 shadow imps
  2 adder zombies
  2 adder skeletons
  7 worms
  4 dart slugs
  6 leopard geckos
  44 orcs
  A bat skeleton (D:8)
  6 bat zombies (D:8)
  5 giant cockroaches
  2 gnoll zombies (D:7)
  8 goblins
  10 hobgoblins
  6 jackals
  9 quokkas
  2 ball pythons
  A ball python skeleton (D:4)
  8 bats
  8 frilled lizards
  8 kobolds
  A leopard gecko zombie (D:8)
  A quokka zombie (D:7)
  24 rats
281 creatures vanquished.

Vanquished Creatures (others)
  4 demonic plants (Gauntlet)
  4 spectral weapons
8 creatures vanquished.

Grand Total: 289 creatures vanquished

Notes
Turn   | Place    | Note
-------+----------+-------------------------------------------
     0 | D:1      | Yuikono the Gnoll Skald began the quest for the Orb.
     0 | D:1      | Reached XP level 1. HP: 20/20 MP: 6/6
    71 | D:1      | HP: 1/20 [hobgoblin (5)]
    72 | D:1      | Reached XP level 2. HP: 1/26 MP: 7/7
   796 | D:1      | Reached XP level 3. HP: 29/31 MP: 9/9
   892 | D:1      | Reached skill level 5 in Spellcasting
  1287 | D:2      | Noticed a phantom
  1311 | D:2      | Reached skill level 1 in Invocations
  1645 | D:2      | Found a glowing golden altar of the Shining One.
  1670 | D:2      | Reached skill level 1 in Short Blades
  1670 | D:2      | Reached skill level 1 in Long Blades
  1670 | D:2      | Reached skill level 1 in Axes
  1670 | D:2      | Reached skill level 1 in Maces & Flails
  1670 | D:2      | Reached skill level 1 in Staves
  1670 | D:2      | Reached skill level 1 in Slings
  1670 | D:2      | Reached skill level 1 in Bows
  1670 | D:2      | Reached skill level 1 in Crossbows
  1670 | D:2      | Reached skill level 1 in Throwing
  1670 | D:2      | Reached skill level 1 in Stealth
  1670 | D:2      | Reached skill level 1 in Shields
  1670 | D:2      | Reached skill level 1 in Unarmed Combat
  1670 | D:2      | Reached skill level 1 in Evocations
  1777 | D:2      | Killed a phantom
  1777 | D:2      | Reached skill level 1 in Conjurations
  1777 | D:2      | Reached skill level 1 in Hexes
  1777 | D:2      | Reached skill level 1 in Summonings
  1777 | D:2      | Reached skill level 1 in Necromancy
  1777 | D:2      | Reached skill level 1 in Translocations
  1777 | D:2      | Reached skill level 1 in Transmutations
  1777 | D:2      | Reached skill level 1 in Fire Magic
  1777 | D:2      | Reached skill level 1 in Ice Magic
  1777 | D:2      | Reached skill level 1 in Air Magic
  1777 | D:2      | Reached skill level 1 in Earth Magic
  1777 | D:2      | Reached skill level 1 in Poison Magic
  1777 | D:2      | Reached XP level 4. HP: 15/38 MP: 11/11
  1777 | D:2      | Reached XP level 5. HP: 16/43 MP: 12/12
  3562 | D:3      | Reached XP level 6. HP: 18/50 MP: 13/13
  3937 | D:4      | Found Tenekyel's Weapon Emporium.
  3962 | D:4      | Got a slimy long sword
  3964 | D:4      | Identified the +8 long sword of Equivalence {slice, Int+2
                  | Dex+4} (You found it on level 4 of the Dungeon)
  4065 | D:4      | Reached skill level 5 in Fighting
  4065 | D:4      | Reached skill level 5 in Polearms
  4065 | D:4      | Reached skill level 5 in Dodging
  4143 | D:4      | Reached XP level 7. HP: 56/56 MP: 15/15
  4483 | D:5      | Entered Level 5 of the Dungeon
  4606 | D:5      | Learned a level 2 spell: Song of Slaying
  4609 | D:5      | Learned a level 2 spell: Shroud of Golubria
  4613 | D:5      | Learned a level 3 spell: Spectral Weapon
  4617 | D:5      | Learned a level 3 spell: Regeneration
  5002 | D:5      | Reached XP level 8. HP: 61/63 MP: 16/16
  5031 | D:5      | Noticed Menkaure
  5042 | D:5      | Killed Menkaure
  5630 | D:6      | Found a snail-covered altar of Cheibriados.
  5796 | D:6      | Reached skill level 6 in Spellcasting
  5881 | D:6      | Noticed a hippogriff
  5895 | D:6      | Killed a hippogriff
  6533 | D:7      | Reached XP level 9. HP: 25/69 MP: 18/18
  6796 | D:7      | Found a basalt altar of Yredelemnul.
  6813 | D:7      | Found a staircase to the Ecumenical Temple.
  6828 | D:7      | Reached skill level 5 in Armour
  6856 | Temple   | Entered the Ecumenical Temple
  7213 | D:7      | Found a sparkling altar of Nemelex Xobeh.
  7227 | D:7      | Became a worshipper of Nemelex Xobeh the Trickster
  7610 | D:8      | Received a gift from Nemelex Xobeh
  7670 | D:8      | Found an ancient bone altar of Kikubaaqudgha.
  7743 | D:8      | Reached skill level 5 in Invocations
  8083 | D:8      | Found a stormy altar of Qazlal.
  8225 | D:9      | Found a radiant altar of Vehumet.
  8233 | D:9      | Reached skill level 7 in Spellcasting
  8233 | D:9      | Reached XP level 10. HP: 77/77 MP: 20/20
  8432 | D:9      | Found a staircase to the Lair.
  8448 | D:9      | Reached skill level 5 in Short Blades
  8448 | D:9      | Reached skill level 5 in Long Blades
  8448 | D:9      | Reached skill level 5 in Axes
  8448 | D:9      | Reached skill level 5 in Maces & Flails
  8448 | D:9      | Reached skill level 5 in Staves
  8448 | D:9      | Reached skill level 5 in Slings
  8448 | D:9      | Reached skill level 5 in Bows
  8448 | D:9      | Reached skill level 5 in Crossbows
  8448 | D:9      | Reached skill level 5 in Throwing
  8448 | D:9      | Reached skill level 5 in Stealth
  8448 | D:9      | Reached skill level 5 in Shields
  8448 | D:9      | Reached skill level 5 in Unarmed Combat
  8448 | D:9      | Reached skill level 5 in Evocations
  8715 | D:9      | Identified the +3 glaive of Ifahai Homn {freeze, Stlth+}
                  | (You found it on level 9 of the Dungeon)
  8810 | D:9      | Reached * piety under Nemelex Xobeh
  8982 | D:9      | Noticed Harold
  8996 | D:9      | Killed Harold
  9477 | Lair:1   | Entered Level 1 of the Lair of Beasts
  9787 | D:10     | Entered Level 10 of the Dungeon
  9843 | D:10     | Noticed a gargoyle
  9849 | D:10     | Killed a gargoyle
  9861 | D:10     | Learned a level 4 spell: Summon Lightning Spire
  9901 | D:10     | Noticed an unseen horror
  9920 | D:10     | Killed an unseen horror
 10219 | D:10     | Noticed an unseen horror
 10227 | D:10     | Killed an unseen horror
 10227 | D:10     | Reached XP level 11. HP: 60/84 MP: 22/22
 10357 | D:10     | Received a gift from Nemelex Xobeh
 10621 | D:10     | Found Kumyqer's Antique Armour Boutique.
 10649 | D:10     | Reached ** piety under Nemelex Xobeh
 10847 | D:11     | Found a gate leading to a gauntlet.
 10875 | Gauntlet | Entered a Gauntlet
 10875 | Gauntlet | Found a runed translucent door.
 10875 | Gauntlet | Found a transporter.
 10875 | Gauntlet | Found a runed translucent door.
 10875 | Gauntlet | Noticed a death scarab
 10875 | Gauntlet | Noticed a spectral death yak
 10882 | Gauntlet | Found a transporter.
 10884 | Gauntlet | Found a transporter.
 10898 | Gauntlet | Found a transporter.
 10900 | Gauntlet | Found a transporter.
 10907 | Gauntlet | Noticed a death drake
 10911 | Gauntlet | Found a transporter.
 10926 | Gauntlet | Found a transporter.
 10938 | Gauntlet | Received a gift from Nemelex Xobeh
 10938 | Gauntlet | Found a transporter.
 10951 | Gauntlet | Found a transporter.
 10962 | Gauntlet | Found a transporter.
 10970 | Gauntlet | Noticed a moth of wrath
 10977 | Gauntlet | Found a transporter.
 10977 | Gauntlet | Found a transporter.
 11026 | Gauntlet | Noticed a hell beast
 11027 | Gauntlet | Found a transporter.
 11044 | Gauntlet | Found a transporter.
 11164 | Gauntlet | Learned a level 4 spell: Summon Ice Beast
 11244 | Gauntlet | Killed a spectral death yak
 11255 | Gauntlet | Killed a death scarab
 11255 | Gauntlet | Reached skill level 8 in Spellcasting
 11255 | Gauntlet | Reached skill level 5 in Conjurations
 11255 | Gauntlet | Reached skill level 5 in Hexes
 11255 | Gauntlet | Reached skill level 5 in Summonings
 11255 | Gauntlet | Reached skill level 5 in Necromancy
 11255 | Gauntlet | Reached skill level 5 in Translocations
 11255 | Gauntlet | Reached skill level 5 in Transmutations
 11255 | Gauntlet | Reached skill level 5 in Fire Magic
 11255 | Gauntlet | Reached skill level 5 in Ice Magic
 11255 | Gauntlet | Reached skill level 5 in Air Magic
 11255 | Gauntlet | Reached skill level 5 in Earth Magic
 11255 | Gauntlet | Reached skill level 5 in Poison Magic
 11560 | Gauntlet | Killed a moth of wrath
 11815 | Gauntlet | Learned a level 1 spell: Apportation
 11876 | Gauntlet | Noticed a minotaur
 11900 | Gauntlet | HP: 4/86 [minotaur/+0 demon whip (2)]
 11904 | Gauntlet | Annihilated by a minotaur

Skill      XL: |  1  2  3  4  5  6  7  8  9 10 11 |
---------------+----------------------------------+-----
Spellcasting   | 5 6 7 8 |  8.1
Invocations    | 1 2 3 4 5 6 |  6.9
Short Blades   | 1 2 3 4 5 6 |  6.2
Long Blades    | 1 2 3 4 5 6 |  6.2
Axes           | 1 2 3 4 5 6 |  6.2
Maces & Flails | 1 2 3 4 5 6 |  6.2
Staves         | 1 2 3 4 5 6 |  6.2
Slings         | 1 2 3 4 5 6 |  6.2
Bows           | 1 2 3 4 5 6 |  6.2
Crossbows      | 1 2 3 4 5 6 |  6.2
Throwing       | 1 2 3 4 5 6 |  6.2
Stealth        | 1 2 3 4 5 6 |  6.2
Shields        | 1 2 3 4 5 6 |  6.2
Unarmed Combat | 1 2 3 4 5 6 |  6.2
Evocations     | 1 2 3 4 5 6 |  6.2
Conjurations   | 1 2 3 4 5 |  5.2
Hexes          | 1 2 3 4 5 |  5.2
Summonings     | 1 2 3 4 5 |  5.2
Necromancy     | 1 2 3 4 5 |  5.2
Translocations | 1 2 3 4 5 |  5.2
Transmutations | 1 2 3 4 5 |  5.2
Fire Magic     | 1 2 3 4 5 |  5.2
Ice Magic      | 1 2 3 4 5 |  5.2
Air Magic      | 1 2 3 4 5 |  5.2
Earth Magic    | 1 2 3 4 5 |  5.2
Poison Magic   | 1 2 3 4 5 |  5.2
Armour         | 3 4 5 6 |  6.8
Fighting       | 5 6 7 |  7.8
Polearms       | 5 6 7 |  7.8
Dodging        | 5 6 7 |  7.8
Charms         | 6 7 |  7.6

Action                   |  1- 3 |  4- 6 |  7- 9 | 10-12 || total
-------------------------+-------+-------+-------+-------++-------
Melee: Spear             |   209 |   199 |       |       ||   408
       Bite              |    19 |    22 |    28 |    23 ||    92
       Punch             |       |     2 |     2 |     3 ||     7
       Long sword        |       |    19 |   254 |   145 ||   418
       Short sword       |       |    17 |       |       ||    17
       Dagger            |       |       |     1 |       ||     1
       Glaive            |       |       |       |    18 ||    18
 Fire: Shortbow          |       |       |    11 |       ||    11
Throw: Stone             |     8 |     7 |     2 |     4 ||    21
       Tomahawk          |       |       |       |     3 ||     3
       Throwing net      |       |       |       |     2 ||     2
 Cast: Spectral Weapon   |       |       |     5 |     7 ||    12
       Shroud of Golubri |       |       |     5 |     8 ||    13
       Song of Slaying   |       |       |     5 |     4 ||     9
       Infusion          |       |       |     1 |     4 ||     5
       Summon Ice Beast  |       |       |       |     3 ||     3
       Regeneration      |       |       |       |     2 ||     2
       Apportation       |       |       |       |     1 ||     1
       Summon Lightning  |       |       |       |     1 ||     1
 Abil: Draw Destruction  |       |       |     1 |     1 ||     2
  Use: Scroll            |     1 |     1 |     3 |     7 ||    12
       Potion            |       |       |       |     8 ||     8
 Stab: Sleeping          |     1 |     1 |     4 |     5 ||    11
       Distracted        |     1 |       |     1 |       ||     2
  Eat: Chunk             |     2 |     9 |     9 |     3 ||    23
       Ration            |       |       |     1 |     3 ||     4
Armor: Leather armour    |    29 |    22 |    56 |    38 ||   145
       Skin              |       |     9 |       |       ||     9
       Scale mail        |       |    12 |    24 |       ||    36
Dodge: Dodged            |   128 |   129 |   201 |   129 ||   587
Block: Buckler           |       |       |    16 |    10 ||    26
       Rpst.: Long sword |       |     3 |    53 |    33 ||    89
